 Dungeon Crawl Stone Soup version 0.29.1-15-g9cfb28693d (webtiles) character file.

Game seed: 7142309489140240990

243 Ast3rio the Covered (level 5, -2/47 HPs)
             Began as a Minotaur Fighter on Mar 28, 2023.
             Killed by divine providence
             ... invoked by an orc priest
              (14 damage)
             ... on level 4 of the Dungeon.
             The game lasted 00:02:58 (3012 turns).

Ast3rio the Covered (Minotaur Fighter)              Turns: 3012, Time: 00:02:59

Health: -2/47      AC:  7    Str: 23    XL:     5   Next: 82%
Magic:  4/4        EV:  9    Int:  5    God:
Gold:   151        SH:  4    Dex:  9    Spells: 4/4 levels left

rFire   . . .      SeeInvis .   p - +5 rapier
rCold   . . .      Faith    .   c - +0 buckler
rNeg    . . .      Spirit   .   b - +0 scale mail
rPois   .          Reflect  .   (helmet restricted)
rElec   .          Harm     .   (no cloak)
rCorr   .          Rampage  .   (no gloves)
Will    .....                   (no boots)
Stlth   ..........              (no amulet)
HPRegen 0.15/turn               (no ring)
MPRegen 0.09/turn               (no ring)

@: no status effects
A: horns 2, retaliatory headbutt
a: no special abilities


You were on level 4 of the Dungeon.
You visited 1 branch of the dungeon, and saw 4 of its levels.

You collected 151 gold pieces.

Inventory:

Hand Weapons
 a - a +0 war axe
 p - a +5 rapier (weapon)
Armour
 b - a +0 scale mail (worn)
 c - a +0 buckler (worn)
Scrolls
 f - 4 scrolls of identify {unknown}
 h - 3 scrolls of teleportation {unknown}
 j - a scroll of fear {unknown}
 l - a scroll of poison {unknown}
 m - a scroll of blinking {unknown}
 n - a scroll of noise {unknown}
Potions
 d - a potion of might
 e - 3 potions of curing {unknown}
 g - 2 potions of heal wounds {unknown}
 i - a potion of ambrosia {unknown}
 k - 2 potions of attraction {unknown}
 o - a potion of degeneration {unknown}


   Skills:
 * Level 4.8 Fighting
 + Level 4.6 Axes
 + Level 5.0 Armour
 + Level 0.6 Dodging
 + Level 0.1 Stealth
 + Level 4.8 Shields


You had 4 spell levels left.
You didn't know any spells.
Your spell library was empty.

Dungeon Overview and Level Annotations

Branches:
Dungeon (4/15)
 Temple: D:4-7

Altars:
Ru
The Shining One

Shops:
D:1 [


Innate Abilities, Weirdness & Mutations

You have a pair of horns on your head.
You reflexively headbutt those who attack you in melee.


Message History

The orc hits you but does no damage.
You barely miss the orc. You headbutt the orc, but do no damage.
The orc is severely wounded.
The orc hits you with a +0 flail. The orc hits you with a +0 short sword.
The orc barely misses you. You furiously retaliate!
You headbutt the orc.
You kill the orc!
You block the goblin's attack. The orc barely misses you.
You barely miss the orc. The orc hits you but does no damage.
The goblin hits you but does no damage.
You hit the orc but do no damage. The goblin hits you with a +0 club.
You hit the orc.
The orc is severely wounded.
The orc hits you with a +0 flail. You block the goblin's attack.
The orc hits you with a +0 mace.
You hit the orc but do no damage.
The orc is severely wounded.
The orc barely misses you. The goblin hits you but does no damage.
The orc closely misses you. The orc hits you with a +0 mace.
The goblin closely misses you. The orc closely misses you.
You furiously retaliate!
You headbutt the orc.
You kill the orc!
Your Armour skill increases to level 5!
You closely miss the orc. The orc hits you but does no damage.
The goblin closely misses you.
You closely miss the orc. The goblin misses you.
You hit the orc priest.
The orc priest is moderately wounded.
The orc priest calls down the wrath of Beogh upon you.
Pain shoots through your body! The orc barely misses you.
The goblin hits you but does no damage.
You hit the orc priest.
The orc priest is heavily wounded.
You block the orc's attack. The goblin hits you with a +0 club.
The orc priest mumbles some strange prayers to Beogh against you.
Pain shoots through your body!
* * * LOW HITPOINT WARNING * * *
You block the goblin's attack.
The orc priest invokes the aid of Beogh against you.
Beogh smites you!
You die...

.. ##.# ..#
.. ###..# ...
#. ##...## .
.##
#.###..####.#
#. #....†##
.. ####..##.#
##......#
.##$...####
#...!..o@#
..#...##og#
.. #.#. ##..#
. #.#. ....
...# ..... .
. ....>.#
.....##
....<#


You could see an orc priest, an orc and a goblin.

Vanquished Creatures
  An ogre (D:4)
  An iguana (D:4)
  4 adders
  3 gnolls (D:2)
  2 worms (D:2)
  2 dart slugs
  3 orcs
  10 ball pythons
  4 endoplasms
  2 giant cockroaches
  3 goblins (D:2)
  2 hobgoblins
  4 quokkas
  9 bats
  A frilled lizard (D:2)
  4 kobolds
  3 rats
58 creatures vanquished.

Notes
Turn   | Place    | Note
-------+----------+-------------------------------------------
     0 | D:1      | Ast3rio the Minotaur Fighter began the quest for the Orb.
     0 | D:1      | Reached XP level 1. HP: 19/19 MP: 0/0
     1 | D:1      | Found a sacrificial altar of Ru.
    82 | D:1      | Found Qiggam's Antique Armour Boutique.
   199 | D:1      | You fall into a shaft and drop 1 floor!
   233 | D:2      | Reached XP level 2. HP: 27/27 MP: 1/1
   322 | D:2      | Reached XP level 3. HP: 29/34 MP: 2/2
   327 | D:2      | Reached skill level 4 in Armour
   513 | D:2      | Found a faded altar of an unknown god.
   806 | D:2      | Reached XP level 4. HP: 41/41 MP: 3/3
  2087 | D:3      | Found a sacrificial altar of Ru.
  2415 | D:3      | Found a glowing golden altar of the Shining One.
  2639 | D:4      | Noticed an ogre
  2644 | D:4      | Killed an ogre
  2645 | D:4      | Reached XP level 5. HP: 22/47 MP: 4/4
  3009 | D:4      | Reached skill level 5 in Armour
  3012 | D:4      | Killed from afar by an orc priest

Illustrated notes

Levels and vault maps discovered:
D:1:      sevenhm_arrival_forest_fort_small_6, layout_basic, serial_shops, shop,
          chequers_jeans
D:2:      minmay_inner_zag, layout_loops_corners,
          shapermc_ecumenical_altar_starsandcircs, minmay_cut_off
D:3:      layout_loops_corners, mainiacjoe_overflow_surrounded_room,
          nicolae_tso_swordbearing_angel, hangedman_abyss_or_decor_lesser_grid
D:4:      layout_rooms, minmay_between

Skill      XL: |  1  2  3  4  5 |
---------------+----------------+-----
Fighting       | 4 |  4.8
Shields        | 4 |  4.8
Armour         | 4 5 |  5.0
Axes           | 4 |  4.6
Dodging        | |  0.6
Stealth        | |  0.1

Action                   |  1- 3 |  4- 6 || total
-------------------------+-------+-------++-------
Melee: War axe           |    53 |    72 ||   125
       Headbutt          |     6 |     9 ||    15
       Rapier            |       |    12 ||    12
Armor: Scale mail        |    28 |    33 ||    61
Dodge: Dodged            |    29 |    38 ||    67
Block: Buckler           |     9 |    22 ||    31
